 Dungeon Crawl Stone Soup version 0.28-a0-537-g3bccd9ccbf (webtiles) character file.

Game seed: 17642243876970954053

11137 Demosthentine the Spear-Bearer (level 11, 0/138 HPs)
             Began as a Merfolk Gladiator on Sept 28, 2021.
             Was a Priest of the Shining One.
             Slain by a gargoyle (16 damage)
             ... on level 11 of the Dungeon.
             The game lasted 00:13:37 (11608 turns).

Demosthentine the Spear-Bearer (Merfolk Gladiator) Turns: 11608, Time: 00:13:37

Health: 0/138      AC: 25    Str: 14 (16) XL:     11   Next: 73%
Magic:  14/14      EV:  2    Int:  6 (7)  God:    the Shining One [***...]
Gold:   550        SH:  0    Dex: 18 (20) Spells: 10/10 levels left

rFire   + . .      SeeInvis .   a - +0 trident (vorpal)
rCold   . . .      Faith    .   (no shield)
rNeg    + + +      Spirit   .   (armour currently unavailable)
rPois   +          Reflect  .   (helmet currently unavailable)
rElec   .          Harm     .   (cloak currently unavailable)
rCorr   .          Rampage  .   (gloves currently unavailable)
Will    .....      NoTele   +   (boots currently unavailable)
Stlth   +.........              k - amulet of regeneration
HPRegen 1.33/turn               u - ring of poison resistance
MPRegen 0.14/turn               i - ring of protection from fire

@: tree-form, glowing, unable to read
A: stationary, stasis, torment immunity, boosted hp, (nimble swimmer 2),
(mertail), agile 1, devolution 1, [deterioration 2], [no potion heal 2],
[subdued magic 2], [inability to read while threatened]
a: Renounce Religion, Divine Shield


You were on level 11 of the Dungeon.
You worshipped the Shining One.
The Shining One was most pleased with you.
You were a tree.
You visited 2 branches of the dungeon, and saw 12 of its levels.
You visited the Abyss 1 time.

You collected 586 gold pieces.
You spent 36 gold pieces at shops.

Inventory:

Hand Weapons
 a - a +0 vorpal trident (weapon)
Armour
 c - a +0 helmet (melded)
 q - a +0 pair of gloves (melded)
 B - a +0 pair of boots (melded)
 E - a +2 cloak (melded)
 F - the +2 leather armour of Zietwu (melded) {rF+ rN+ Str+2}
   (You found it on level 2 of the Abyss)

   Str:       It affects your strength (+2).
   rF:        It protects you from fire.
   rN:        It protects you from negative energy.
Jewellery
 i - a ring of protection from fire (right branch)
 k - an amulet of regeneration (around neck)
 n - an amulet of reflection
 u - a ring of poison resistance (left branch)
 A - a +6 ring of dexterity
Wands
 s - a wand of acid (4)
 t - a wand of flame (20)
 z - a wand of iceblast (10)
Scrolls
 d - a scroll of teleportation
 l - a scroll of fog
 m - 3 scrolls of amnesia
 r - 2 scrolls of brand weapon
 v - 3 scrolls of blinking
 y - 2 scrolls of fear
 D - a scroll of identify
Potions
 b - a potion of magic
 e - 2 potions of resistance
 f - 3 potions of curing
 g - 3 potions of attraction
 h - 2 potions of mutation
 j - 2 potions of brilliance
 o - 2 potions of haste
 p - 2 potions of flight
 w - 3 potions of heal wounds
 x - 5 potions of lignification
 C - a potion of berserk rage {unknown}


   Skills:
 + Level 10.3 Fighting
 + Level 13.6 Polearms
 - Level 2.0 Throwing
 - Level 6.0 Armour
 + Level 12.5 Dodging
 + Level 4.7 Invocations


You had 10 spell levels left.
You didn't know any spells.
Your spell library contained the following spells:

 Spells                   Type           Power      Damage    Failure   Level
 Magic Dart               Conj           0%         1d3       36%         1
 Blink                    Tloc           N/A        N/A       50%         2
 Call Imp                 Summ           0%         N/A       50%         2
 Searing Ray              Conj           0%         2d4       50%         2
 Mephitic Cloud           Conj/Pois/Air  0%         N/A       77%         3
 Summon Guardian Golem    Hex/Summ       0%         N/A       77%         3
 Tukima's Dance           Hex            0%         N/A       77%         3
 Fulminant Prism          Conj/Hex       0%         3d6       99%         4
 Leda's Liquefaction      Hex/Erth       0%         N/A       99%         4
 Passage of Golubria      Tloc           N/A        N/A       99%         4
 Lee's Rapid Deconstruct  Erth           0%         3d5*      100%        5
 Manifold Assault         Tloc           0%         N/A       100%        5
 Yara's Violent Unravell  Hex/Tmut       0%         3d3       100%        5
 Statue Form              Tmut/Erth      0%         N/A       100%        6
 Orb of Destruction       Conj           0%         N/A       100%        7
 Spellforged Servitor     Conj/Summ      0%         N/A       100%        7
 Storm Form               Tmut/Air       0%         N/A       100%        7


Dungeon Overview and Level Annotations

Branches:
Dungeon (11/15)            Temple (1/1) D:6            Lair (0/6) D:8
    Orc: D:9-12

Altars:
Ashenzari
Cheibriados
Dithmenos
Elyvilon
Fedhas
Gozag
Hepliaklqana
Kikubaaqudgha
Makhleb
Nemelex Xobeh
Okawaru
Qazlal
Ru
Sif Muna
Trog
Uskayaw
Vehumet
Wu Jian
Xom
Yredelemnul
Zin
The Shining One
Jiyva

Shops:
D:8 *   D:9 =

Portals:
Trove: D:11 (give horn of Geryon)

Annotations:
D:11 Erolcha


Innate Abilities, Weirdness & Mutations

You are a tree.
Your roots penetrate the ground, keeping you stationary.
You cannot be teleported.
You are immune to unholy pain and torment.
Your maximum health is greatly increased.
Your equipment is partially melded.
((You are quick and stealthy near water. (Stealth+, EV+, Speed+++)))
((Your lower body shifts to a powerful aquatic tail in water.))
You are agile. (Dex +2)
You have hidden genetic defects.
[Your body often deteriorates upon taking damage.]
[Potions cannot restore your health.]
[Your spells are easier to cast, but less powerful.]
[You sometimes lose the ability to read scrolls when taking damage.]


Message History

Erolcha gestures wildly while chanting.
Erolcha blinks!
You puncture the large abomination!
You destroy the large abomination!
The Shining One accepts your kill.
You feel better.
The gargoyle hurls a stone arrow at you.
The stone arrow hits you but does no damage.
Unknown command.
Reach: a) +0 trident (vorpal)
Press: ? - help, Dir - move target, f - gargoyle
Aim: a gargoyle, wielding a +0 morningstar (haloed, about 6% to evade your +0 vorpal trident)
You reach to attack!
You completely miss the gargoyle.
Unknown command.
Reach: a) +0 trident (vorpal)
Press: ? - help, Dir - move target, f/p - gargoyle
Aim: a gargoyle, wielding a +0 morningstar (haloed, about 6% to evade your +0 vorpal trident)
You reach to attack!
You hit the gargoyle but do no damage.
Unknown command.
Reach: a) +0 trident (vorpal)
Press: ? - help, Dir - move target, f/p - gargoyle
Aim: a gargoyle, wielding a +0 morningstar (haloed, about 6% to evade your +0 vorpal trident)
You hit the gargoyle but do no damage.
The gargoyle hits you but does no damage.
Unknown command.
Okay, then.
You hit the gargoyle.
The gargoyle is moderately damaged.
Erolcha mumbles some strange words.
Erolcha blinks!
You hit the gargoyle but do no damage.
The gargoyle is moderately damaged.
The gargoyle hits you with a +0 morningstar!
* * * LOW HITPOINT WARNING * * *
You hit the gargoyle.
The gargoyle is heavily damaged.
You hit the gargoyle but do no damage.
The gargoyle is heavily damaged.
The gargoyle hits you with a +0 morningstar!
You die...

#####################
........†......>..........
........###...............
..........................
..............####.......
######........# #.....
######........# #...#
..............####...##...
................♣9§.......
#####'#######+#####......#
....#........ .##...#
....#........ .# ..#
....'........ .# #
....#........ .#
....#........ .#
....#........ .#
....#........


You could see a gargoyle.

Vanquished Creatures
  Erica (D:11)
  3 two-headed ogres
  Pikel (D:5)
  Joseph (D:8)
  A large abomination (D:11)
  Maggie (D:8)
  3 hornets
  3 wyverns (D:8)
  2 wraiths
  A ynoxinul (Abyss:2)
  10 yaks
  A neqoxec (Abyss:2)
  A basilisk (D:8)
  A steam dragon (D:9)
  4 vampire mosquitoes
  An acid dragon (D:10)
  An ice beast (D:6)
  A black bear (D:5)
  An orc warrior (D:9)
  An ogre (D:4)
  2 sky beasts (D:6)
  2 necrophages
  3 centaurs
  A lemure (D:5)
  3 kobold brigands
  4 wyvern zombies
  A scorpion (D:5)
  7 killer bees
  5 wights (D:8)
  A howler monkey (D:4)
  2 bullfrog zombies (D:5)
  2 jellies
  3 hounds
  3 centaur zombies
  Crazy Yiuf (D:5)
  A gnoll shaman (D:5)
  6 orc priests
  2 centaur skeletons
  2 iguanas (D:3)
  11 orc wizards
  3 howler monkey zombies
  A howler monkey skeleton (D:6)
  12 gnolls
  6 adders
  A white imp (D:6)
  2 ufetubi
  3 adder skeletons (D:4)
  5 worms
  3 dart slugs
  28 orcs
  8 ball pythons
  3 endoplasms
  3 giant cockroaches
  7 goblins
  7 hobgoblins
  7 jackals
  15 kobolds
  2 quokkas
  4 bats
  4 frilled lizards (D:1)
  5 rats
230 creatures vanquished.

Vanquished Creatures (others)
  A wyvern (D:8)
  A swamp drake (D:8)
  A plant (D:4)
3 creatures vanquished.

Grand Total: 233 creatures vanquished

Notes
Turn   | Place    | Note
-------+----------+-------------------------------------------
     0 | D:1      | Demosthentine the Merfolk Gladiator began the quest for the
                  | Orb.
     0 | D:1      | Reached XP level 1. HP: 16/16 MP: 1/1
   234 | D:1      | Reached XP level 2. HP: 23/23 MP: 2/2
   553 | D:1      | Reached XP level 3. HP: 28/28 MP: 3/3
  1196 | D:2      | Reached skill level 5 in Polearms
  1196 | D:2      | Reached skill level 1 in Armour
  1528 | D:2      | Reached XP level 4. HP: 34/34 MP: 4/4
  2577 | D:3      | Reached skill level 5 in Dodging
  2577 | D:3      | Reached XP level 5. HP: 33/41 MP: 5/5
  3284 | D:4      | Found a burning altar of Makhleb.
  3303 | D:4      | Reached skill level 6 in Polearms
  3303 | D:4      | Reached XP level 6. HP: 27/48 MP: 6/6
  3314 | D:4      | Found a blossoming altar of Fedhas.
  4233 | D:4      | Reached XP level 7. HP: 55/55 MP: 7/7
  4351 | D:4      | HP: 2/55 [gnoll (5)]
  4915 | D:5      | Entered Level 5 of the Dungeon
  4935 | D:5      | Noticed Pikel
  4981 | D:5      | Killed Pikel
  4982 | D:5      | Reached skill level 5 in Fighting
  4982 | D:5      | Reached skill level 7 in Polearms
  4982 | D:5      | Reached XP level 8. HP: 27/63 MP: 8/8
  5240 | D:5      | Reached skill level 8 in Polearms
  5591 | D:5      | Found a broken altar of Ashenzari.
  5683 | D:5      | Found a runed translucent door.
  5684 | D:5      | Noticed Crazy Yiuf
  5814 | D:5      | Found an ancient bone altar of Kikubaaqudgha.
  5894 | D:5      | Found a shimmering blue altar of Sif Muna.
  6091 | D:5      | Killed Crazy Yiuf
  6111 | D:5      | Identified the +6 mace of Ascent {flame, Dex+6 Stlth-}
  6375 | D:6      | Reached skill level 9 in Polearms
  6471 | D:6      | Reached XP level 9. HP: 65/71 MP: 9/9
  6953 | D:6      | Found a staircase to the Ecumenical Temple.
  7131 | Temple   | Entered the Ecumenical Temple
  7276 | Temple   | Became a worshipper of the Shining One
  7558 | D:7      | Found a hazy altar of Hepliaklqana.
  7559 | D:7      | Found a shadowy altar of Dithmenos.
  7714 | D:7      | Reached skill level 10 in Polearms
  7934 | D:8      | Reached * piety under the Shining One
  7940 | D:8      | Noticed Joseph
  7959 | D:8      | Killed Joseph
  7960 | D:8      | Reached skill level 5 in Armour
  8142 | D:8      | Noticed Maggie
  8165 | D:8      | Killed Maggie
  8166 | D:8      | Reached skill level 10 in Dodging
  8166 | D:8      | Reached XP level 10. HP: 76/80 MP: 10/10
  8209 | D:8      | Reached skill level 11 in Polearms
  8255 | D:8      | Found Lunt's General Store.
  8281 | D:8      | Bought a scroll of teleportation for 36 gold pieces
  8309 | D:8      | Noticed a two-headed ogre
  8394 | D:7      | HP: 2/80 [two-headed ogre (16)]
  8395 | D:7      | Killed a two-headed ogre
  8634 | D:8      | Found a staircase to the Lair.
  8988 | D:8      | Reached skill level 12 in Polearms
  9133 | D:8      | Reached ** piety under the Shining One
  9351 | D:9      | Found a basalt altar of Yredelemnul.
  9382 | D:9      | Found an iron altar of Okawaru.
  9415 | D:9      | Found Momyuss's Jewellery Boutique.
  9423 | D:9      | Reached skill level 1 in Invocations
  9611 | D:9      | Reached XP level 11. HP: 89/89 MP: 10/12
  9663 | D:9      | Found a white marble altar of Elyvilon.
  9768 | D:9      | Noticed a two-headed ogre
  9778 | D:9      | Killed a two-headed ogre
  9935 | D:10     | Entered Level 10 of the Dungeon
  9987 | D:10     | Found an opulent altar of Gozag.
 10264 | D:10     | Noticed a boulder beetle
 10990 | D:11     | Noticed a two-headed ogre
 10990 | D:11     | Found a portal to a secret trove of treasure.
 11000 | D:11     | Killed a two-headed ogre
 11001 | D:11     | Reached skill level 13 in Polearms
 11099 | D:11     | Noticed Erica
 11118 | D:11     | Killed Erica
 11119 | D:11     | Reached skill level 10 in Fighting
 11177 | D:11     | Identified the +0 ring mail "Kemaqut" {Str+3}
 11219 | D:11     | Reached *** piety under the Shining One
 11291 | D:11     | Noticed Erolcha
 11301 | D:11     | Cast into level 2 of the Abyss (Erolcha)
 11302 | Abyss:2  | Found a corrupted altar of Lugonu.
 11418 | Abyss:2  | Found a corrupted altar of Lugonu.
 11437 | Abyss:2  | Gained mutation: You are agile. (Dex +2) [a neqoxec]
 11440 | Abyss:2  | Gained mutation: You have hidden genetic defects. [a
                  | neqoxec]
 11494 | Abyss:2  | Noticed a wretched star
 11514 | Abyss:2  | Noticed a daeva
 11517 | Abyss:2  | HP: 3/91 [daeva/divine providence (13)]
 11518 | Abyss:2  | Identified the +2 leather armour of Zietwu {rF+ rN+ Str+2}
 11552 | Abyss:2  | Noticed a large abomination
 11588 | D:11     | Escaped the Abyss
 11608 | D:11     | Slain by a gargoyle

Illustrated notes

Levels and vault maps discovered:
D:1:      mrwooster_arrival_statue, layout_basic
D:2:      layout_basic, corexii_corridor_pit
D:3:      layout_rooms, minivault_5
D:4:      layout_cave_pods, old_standard_altar, fedhas_ov_isle_minmay
D:5:      layout_basic, mainiacjoe_overflow_alcove_4,
          nicolae_sif_muna_little_library, nicolae_kikubaaqudgha_miasma_corner,
          uniq_pikel, uniq_crazy_yiuf_cottage
D:6:      layout_loops_corners, temple_hall, amcnicky_mini_rare_corridor_liquid
D:7:      cheibrodos_helix_gallery, layout_rooms,
          riverfiend_overflow_shadow_ancestor, chequers_garden
D:8:      layout_gridville, erik_lair_dragon, serial_shops, shop, uniq_joseph,
          uniq_maggie
D:9:      layout_small_grid, kennysheep_mini,
          mainiacjoe_overflow_small_starburst, kennysheep_okawaru_gauntlet,
          serial_shops, shop, nrook_pool_corridor
D:10:     layout_big_octagon, grunt_gozag_statues, kennysheep_generic_room_2
D:11:     layout_stronghold, nicolae_trove_entry_isolated, nzn_sisyphean_effort,
          uniq_erica, uniq_erolcha
Temple:   pf_slime_end_temple

Skill      XL: |  1  2  3  4  5  6  7  8  9 10 11 |
---------------+----------------------------------+-----
Polearms       | 5 6 7 9 10 12 13 | 13.6
Armour         | 1 2 3 4 5 6 |  6.0
Fighting       | 3 4 5 6 8 9 10 | 10.3
Dodging        | 5 6 7 8 10 11 12 | 12.5
Invocations    | 1 4 |  4.7
Throwing       | |  2.0

Action                   |  1- 3 |  4- 6 |  7- 9 | 10-12 || total
-------------------------+-------+-------+-------+-------++-------
Melee: Trident           |    82 |   176 |   403 |   513 ||  1174
Throw: Throwing net      |       |     4 |     2 |       ||     6
Invok: Divine Shield     |       |       |       |     1 ||     1
  Use: Scroll            |     3 |     8 |     7 |     7 ||    25
       Potion            |       |       |     2 |     2 ||     4
 Stab: Sleeping          |     2 |     2 |     1 |       ||     5
       Held in net/web   |       |       |     1 |       ||     1
Armor: Leather armour    |    22 |    24 |    57 |     1 ||   104
       Skin              |       |       |     7 |     3 ||    10
       Steam dragon scal |       |       |       |    53 ||    53
Dodge: Dodged            |    46 |    75 |   235 |   235 ||   591
Block: Other             |       |       |       |     2 ||     2

Table legend: (Time is in decaauts)
 A = Elapsed time spent in this place.
 B = Non-inter-level travel time spent in this place.
 C = Inter-level travel time spent in this place.
 D = Time resting spent in this place.
 E = Time spent auto-exploring this place.
 F = Levels seen in this place.
 G = Mean time per level.
                   A        B        C        D        E       F      G
               +--------+--------+--------+--------+--------+-----+--------+
         Total |  11379 |  10885 |    494 |    648 |   8035 |  14 |  812.8 |
       Dungeon |  10948 |  10478 |    470 |    648 |   7741 |  11 |  995.3 |
        Temple |    159 |    136 |     23 |      0 |    119 |   1 |  159.0 |
         Abyss |    271 |    271 |      0 |      0 |    174 |   2 |  135.5 |
               +--------+--------+--------+--------+--------+-----+--------+

Top non-repeatable levels by time:
     D:4: 1747 daAuts
     D:5: 1222 daAuts
     D:8: 1222 daAuts
     D:3: 1137 daAuts
     D:2: 1059 daAuts
     D:6: 992 daAuts
     D:1: 976 daAuts
     D:9: 909 daAuts
    D:10: 712 daAuts
     D:7: 670 daAuts
    D:11: 297 daAuts
 Abyss:2: 258 daAuts
  Temple: 159 daAuts
 Abyss:3: 13 daAuts
